 Dungeon Crawl Stone Soup version 0.31-a0-267-g3fc6992b3b (webtiles) character file.

Game seed: 6160979040224920704

4192 qw the Skirmisher (level 10, -1/64 HPs)
             Began as a Gargoyle Hexslinger on July 13, 2023.
             Was a Believer of Okawaru.
             Slain by a killer bee (3 damage)
             ... on level 8 of the Dungeon.
             The game lasted 00:03:23 (6555 turns).

qw the Skirmisher (Gargoyle Hexslinger)             Turns: 6555, Time: 00:03:24

Health: -1/64      AC: 28    Str: 15    XL:     10   Next: 29%
Magic:  11/13      EV: 13    Int: 20    God:    Okawaru [**....]
Gold:   328        SH:  0    Dex: 11    Spells: 10/11 levels left

rFire   . . .        d - +2 sling (heavy)
rCold   + . .        (no shield)
rNeg    + . .        q - +4 ring mail {rPois}
rPois   inf          c - +0 helmet
rElec   +            e - +0 cloak
rCorr   .            k - +1 pair of gloves
SInv    +            b - +3 pair of mountain boots {steadfast, rC+}
Will    +....        l - amulet of the acrobat
Stlth   ++           g - ring of willpower
HPRegen 0.30/turn    n - ring of see invisible
MPRegen 0.13/turn

%: acrobat
@: heroic
A: sickness immunity, AC +7, negative energy resistance 1, electricity
resistance, torment resistance 1, petrification resistance, clever 2, clumsy 1,
strong 1
a: Renounce Religion, Heroism


You were on level 8 of the Dungeon.
You worshipped Okawaru.
Okawaru was pleased with you.
You visited 2 branches of the dungeon, and saw 9 of its levels.

You collected 424 gold pieces.
You spent 96 gold pieces at shops.


Innate Abilities, Weirdness & Mutations

You are immune to sickness and miasma.
Your stone body is resilient. (AC +7)
You are immune to poison.
You resist negative energy. (rN+)
You are resistant to electric shocks. (rElec)
You are resistant to unholy torment.
You are immune to petrification.
Your mind is very acute. (Int +8, Str/Dex -2)
You are clumsy. (Dex -2)
Your muscles are strong. (Str +4, Int/Dex -1)


   Skills:
 - Level 8.0(13.0) Fighting
 + Level 11.1(16.1) Ranged Weapons
 - Level 5.3(10.3) Armour
 - Level 2.0(7.0) Dodging
 - Level 1.0 Spellcasting
 - Level 2.6 Hexes
 - Level 4.0 Invocations


You had 10 spell levels left.
You knew the following spells:

 Your Spells              Type           Power      Damage    Failure   Level
a - Slow                  Hex            44%        N/A       10%         1

Your spell library contained the following spells:

 Spells                   Type           Power      Damage    Failure   Level
 Inner Flame              Hex/Fire       6%         N/A       45%         3
 Portal Projectile        Hex/Tloc       12%        N/A       45%         3
 Cause Fear               Hex            5%         N/A       67%         4

Inventory:

Hand Weapons
 d - a +2 heavy sling (weapon)
Armour
 b - the +3 pair of mountain boots (worn) {steadfast, rC+}
   (You acquired it on level 2 of the Dungeon)

   Steadfast: It prevents involuntary movement, except for blinking,
   teleportation, or banishment.
   rC:        It protects you from cold.
 c - a +0 helmet (worn)
 e - a +0 cloak (worn)
 k - a +1 pair of gloves (worn)
 q - a +4 ring mail of poison resistance (worn)
Jewellery
 g - a ring of willpower (left hand)
 j - a ring of protection from cold
 l - an amulet of the acrobat (around neck)
 n - a ring of see invisible (right hand)
 o - a +6 ring of strength
Scrolls
 f - 7 scrolls of identify
Potions
 h - a potion of cancellation
 i - 3 potions of curing
 m - a potion of mutation

Dungeon Overview and Level Annotations

Branches:
Dungeon (8/15)             Temple (1/1) D:4
   Lair: D:8-11

Altars:
Ashenzari
Cheibriados
Dithmenos
Elyvilon
Fedhas
Gozag
Hepliaklqana
Kikubaaqudgha
Makhleb
Nemelex Xobeh
Okawaru
Qazlal
Ru
Sif Muna
Trog
Uskayaw
Vehumet
Wu Jian
Xom
Yredelemnul
Zin
The Shining One

Shops:
D:8 *

Annotations:
D:6 3 runed translucent doors, qw's ghost, novice DEHu
D:7 1 runed translucent door, Crazy Yiuf


Message History

You kill the killer bee!
Okawaru accepts your kill.
You feel like a meek peon again.
The killer bee stings you but does no damage. x2
The killer bee barely misses you.
The killer bee stings you but does no damage.
The killer bee misses you.
The killer bee stings you but does no damage.
The killer bee stings you. The killer bee barely misses you.
The killer bee misses you. The killer bee barely misses you.
The killer bee misses you.
The killer bee stings you but does no damage.
The killer bee misses you.
The killer bee stings you but does no damage.
6553 ||| INVOKING Heroism.
You gain the combat prowess of a mighty hero.
The killer bee stings you!
The killer bee stings you but does no damage. x2
The killer bee closely misses you.
The killer bee stings you but does no damage.
The killer bee stings you. The killer bee barely misses you.
The killer bee closely misses you.
The killer bee stings you but does no damage.
The killer bee stings you.
You shoot a sling bullet.
The sling bullet hits the killer bee but does no damage.
You hear the loud creaking of a distant portcullis.
The killer bee stings you but does no damage.
The killer bee misses you.
The killer bee stings you but does no damage. x3
The killer bee closely misses you. x2; The killer bee barely misses you. x2
The killer bee stings you but does no damage.
You shoot a sling bullet. The sling bullet hits the killer bee.
The killer bee is moderately wounded.
The killer bee completely misses you.
The killer bee stings you but does no damage.
The killer bee stings you. The killer bee completely misses you.
The killer bee stings you. The killer bee closely misses you.
The killer bee stings you.
You die...

........####.....####)....
.........####..### #....#
..........###..# ##..##
....####...##..# ###...##
.### ##...#..####.......
#................. #
#.....[...###.....
#)#y#..#.....##.....
#y@#..###..........
#yyy..# #...)......
#.!##..###........> .#.#
#..###........ ....#
#............ ######
##...#####... #..## ##..
##.## #.. . #..# ##.


You could see 5 killer bees.

Vanquished Creatures
  Joseph (D:7)
  Maurice (D:8)
  A wyvern (D:7)
  A steam dragon (D:8)
  Edmund (D:5)
  An orc warrior (D:8)
  4 ice beasts
  3 black bears
  A sky beast (D:7)
  2 ogres
  A centaur (D:7)
  3 phantoms (D:6)
  2 kobold brigands (D:8)
  A bullfrog (D:8)
  3 scorpions
  2 wights (D:8)
  8 killer bees (D:8)
  4 gnoll boudas
  7 orc priests
  2 hounds
  A sleepcap (D:7)
  Natasha (thrice) (D:4)
  2 iguanas
  7 orc wizards
  14 gnolls
  7 adders
  4 white imps
  A worm (D:4)
  26 orcs
  6 ball pythons
  3 endoplasms
  5 giant cockroaches
  7 goblins
  3 hobgoblins
  5 quokkas
  9 bats
  4 frilled lizards
  10 kobolds
  4 rats
170 creatures vanquished.

Vanquished Creatures (others)
  An orc wizard (D:8)
  An orc (D:8)
2 creatures vanquished.

Grand Total: 172 creatures vanquished

Notes
Turn   | Place    | Note
-------+----------+-------------------------------------------
     0 | D:1      | qw the Gargoyle Hexslinger began the quest for the Orb.
     0 | D:1      | Reached XP level 1. HP: 12/12 MP: 2/2
     0 | D:1      | 0 ||| qw: Version: 0.3-a-52-g30416fa
     0 | D:1      | 0 ||| qw: Game counter: 7776
     0 | D:1      | 0 ||| qw: Melee chars always use a shield: true
     0 | D:1      | 0 ||| qw: God list: Okawaru
     0 | D:1      | 0 ||| qw: Allow faded altars: false
     0 | D:1      | 0 ||| qw: Do Orc after clearing Dungeon:15 true
     0 | D:1      | 0 ||| qw: Do second Lair branch before Depths: true
     0 | D:1      | 0 ||| qw: Lair rune preference: random
     0 | D:1      | 0 ||| qw: Goals: Normal
     0 | D:1      | 0 ||| PLANNING D:1-11
   150 | D:1      | Reached XP level 2. HP: 16/16 MP: 3/3
   297 | D:1      | Reached skill level 3 in Ranged Weapons
   584 | D:1      | Reached XP level 3. HP: 21/21 MP: 4/4
   757 | D:1      | 757 ||| UPGRADING to +0 leather armour.
   767 | D:1      | 767 ||| DROPPING +0 robe.
   768 | D:1      | 768 ||| READING scroll labelled DEETYB IFRUERR.
   769 | D:1      | 769 ||| READING 2 scrolls labelled BAMASAO UROULE.
   770 | D:1      | 770 ||| READING scroll labelled LEENU LEAMICEUS.
   771 | D:1      | 771 ||| DRINKING 2 sedimented pink potions.
   771 | D:1      | Gained mutation: Your spells are a little harder to cast,
                  | but a little more powerful. [potion of mutation]
   771 | D:1      | Gained mutation: Your muscles are strong. (Str +4, Int/Dex
                  | -1) [potion of mutation]
   771 | D:1      | Gained mutation: You are frail. (-10% HP) [potion of
                  | mutation]
   771 | D:1      | Gained mutation: You have supernaturally acute eyesight.
                  | (SInv) [potion of mutation]
   772 | D:1      | 772 ||| DRINKING potion of mutation.
   772 | D:1      | Lost mutation: You have supernaturally acute eyesight.
                  | (SInv) [potion of mutation]
   772 | D:1      | Lost mutation: Your spells are a little harder to cast, but
                  | a little more powerful. [potion of mutation]
   772 | D:1      | Gained mutation: You passively map a small area around you.
                  | [potion of mutation]
   772 | D:1      | Gained mutation: Your muscles are very strong. (Str +8,
                  | Int/Dex -2) [potion of mutation]
   773 | D:1      | 773 ||| DROPPING scroll of poison.
  1101 | D:2      | 1101 ||| DRINKING potion of mutation.
  1101 | D:2      | Lost mutation: Your muscles are very strong. (Str +8,
                  | Int/Dex -2) [potion of mutation]
  1101 | D:2      | Lost mutation: You are frail. (-10% HP) [potion of
                  | mutation]
  1101 | D:2      | Lost mutation: You passively map a small area around you.
                  | [potion of mutation]
  1101 | D:2      | Gained mutation: Your mind is acute. (Int +4, Str/Dex -1)
                  | [potion of mutation]
  1101 | D:2      | Gained mutation: You are clumsy. (Dex -2) [potion of
                  | mutation]
  1101 | D:2      | Gained mutation: Your mind is very acute. (Int +8, Str/Dex
                  | -2) [potion of mutation]
  1416 | D:2      | 1416 ||| UPGRADING to amulet of the acrobat.
  1421 | D:2      | 1421 ||| READING scroll labelled TIDEREO TOKLIM.
  1422 | D:2      | 1422 ||| READING scroll labelled RER RAINGIL.
  1427 | D:2      | 1427 ||| READING scroll labelled GIAN FIZOEQI.
  1427 | D:2      | Identified a scroll of acquirement
  1427 | D:2      | 1427 ||| ACQUIRING +3 pair of mountain boots {steadfast,
                  | rC+}
  1427 | D:2      | Acquired the +3 pair of mountain boots {steadfast, rC+}
  1427 | D:2      | Found the +3 pair of mountain boots {steadfast, rC+}
  1429 | D:2      | 1429 ||| UPGRADING to +3 pair of mountain boots {steadfast,
                  | rC+}.
  1434 | D:2      | 1434 ||| DRINKING 3 smoky orange potions.
  1435 | D:2      | 1435 ||| DRINKING 2 red potions.
  1456 | D:2      | 1456 ||| DRINKING 2 fuming green potions.
  1457 | D:2      | 1457 ||| READING 3 scrolls of identify.
  1457 | D:2      | 1457 ||| IDENTIFYING purple potion
  1458 | D:2      | 1458 ||| READING 2 scrolls of identify.
  1458 | D:2      | 1458 ||| IDENTIFYING viscous purple potion
  1459 | D:2      | 1459 ||| DROPPING potion of lignification.
  1460 | D:2      | 1460 ||| DROPPING potion of attraction.
  1544 | D:3      | Reached XP level 4. HP: 26/26 MP: 5/5
  1781 | D:3      | Found a faded altar of an unknown god.
  1894 | D:3      | Reached skill level 4 in Ranged Weapons
  2190 | D:3      | 2190 ||| UPGRADING to +0 ring mail.
  2200 | D:3      | 2200 ||| DROPPING +0 leather armour.
  2201 | D:3      | 2201 ||| UPGRADING to +0 pair of gloves.
  2206 | D:3      | 2206 ||| READING scroll of enchant armour.
  2206 | D:3      | 2206 ||| ENCHANTING +0 pair of gloves.
  2207 | D:3      | 2207 ||| UPGRADING to +6 ring of strength.
  2208 | D:3      | 2208 ||| UPGRADING to ring of see invisible.
  2209 | D:3      | 2209 ||| READING scroll labelled APOC VAIGGID.
  2210 | D:3      | 2210 ||| READING scroll labelled KUCUS RIDD.
  2299 | D:4      | Found a staircase to the Ecumenical Temple.
  2300 | D:4      | 2300 ||| PLANNING TEMPLE
  2300 | D:4      | 2300 ||| READING scroll labelled FENOIW NEABROY.
  2301 | D:4      | 2301 ||| READING 2 scrolls of identify.
  2301 | D:4      | 2301 ||| IDENTIFYING viscous clear potion
  2302 | D:4      | 2302 ||| DROPPING potion of brilliance.
  2311 | Temple   | Entered the Ecumenical Temple
  2313 | Temple   | 2313 ||| PLANNING OKAWARU WORSHIP
  2331 | Temple   | Became a worshipper of Warmaster Okawaru
  2332 | Temple   | 2332 ||| PLANNING D:1-11
  2358 | D:4      | Noticed a scorpion
  2367 | D:4      | Killed a scorpion
  2368 | D:4      | Reached XP level 5. HP: 30/30 MP: 6/6
  2551 | D:4      | Noticed Natasha
  2553 | D:4      | Killed Natasha
  2553 | D:4      | Reached * piety under Okawaru
  2558 | D:4      | 2558 ||| INVOKING Heroism.
  2566 | D:4      | Reached skill level 5 in Ranged Weapons
  2567 | D:4      | Reached XP level 6. HP: 25/35 MP: 4/7
  2671 | D:4      | Reached skill level 3 in Fighting
  2671 | D:4      | Reached skill level 1 in Invocations
  2727 | D:4      | 2727 ||| INVOKING Heroism.
  2842 | D:4      | Noticed Natasha
  2843 | D:4      | 2843 ||| INVOKING Heroism.
  2849 | D:4      | Killed Natasha
  2970 | D:4      | Noticed Natasha
  2971 | D:4      | 2971 ||| INVOKING Heroism.
  2977 | D:4      | Killed Natasha
  2978 | D:4      | Reached XP level 7. HP: 41/41 MP: 5/9
  3020 | D:4      | 3020 ||| UPGRADING to +0 helmet.
  3025 | D:4      | 3025 ||| READING scroll labelled WAYRRO ODGHIO.
  3026 | D:4      | 3026 ||| READING 5 scrolls of identify.
  3026 | D:4      | 3026 ||| IDENTIFYING blue potion
  3027 | D:4      | 3027 ||| DROPPING potion of degeneration.
  3071 | D:5      | Entered Level 5 of the Dungeon
  3184 | D:5      | Reached skill level 3 in Invocations
  3220 | D:5      | 3220 ||| INVOKING Heroism.
  3233 | D:5      | Reached skill level 6 in Ranged Weapons
  3319 | D:5      | Noticed Edmund
  3320 | D:5      | 3320 ||| INVOKING Heroism.
  3345 | D:5      | 3345 ||| INVOKING Heroism.
  3367 | D:5      | Killed Edmund
  3497 | D:5      | 3497 ||| Stepping ~*~*~tactically~*~*~ (outnumbered).
  3499 | D:5      | 3499 ||| Stepping ~*~*~tactically~*~*~ (outnumbered).
  3500 | D:5      | 3500 ||| INVOKING Heroism.
  3509 | D:5      | Reached XP level 8. HP: 43/48 MP: 7/10
  3516 | D:5      | HP: 10/48 [orc priest/divine providence (17)]
  3517 | D:5      | 3517 ||| DRINKING 3 potions of heal wounds.
  3523 | D:5      | 3523 ||| INVOKING Heroism.
  3525 | D:5      | HP: 11/48 [gnoll/+0 spear[a gnoll bouda] (3)]
  3526 | D:5      | 3526 ||| DRINKING 2 potions of heal wounds.
  3705 | D:5      | 3705 ||| INVOKING Heroism.
  3721 | D:5      | Reached skill level 7 in Ranged Weapons
  3796 | D:5      | 3796 ||| INVOKING Heroism.
  4081 | D:5      | 4081 ||| UPGRADING to +0 cloak.
  4086 | D:5      | 4086 ||| READING scroll labelled VULEHI QUSIN.
  4087 | D:5      | 4087 ||| READING scroll labelled RYEMOQ WIGE.
  4131 | D:6      | 4131 ||| STAIRDANCE
  4213 | D:6      | Reached skill level 8 in Ranged Weapons
  4217 | D:6      | Found a runed translucent gate.
  4217 | D:6      | Found a runed translucent gate.
  4217 | D:6      | Found a runed translucent gate.
  4218 | D:6      | Noticed qw's ghost (novice DEHu)
  4219 | D:6      | Noticed a manticore
  4263 | D:6      | 4263 ||| FLEEEEING.
  4350 | D:6      | Found a bloodstained altar of Trog.
  4369 | D:6      | 4369 ||| INVOKING Heroism.
  4388 | D:6      | Reached skill level 3 in Armour
  4399 | D:6      | 4399 ||| INVOKING Heroism.
  4406 | D:6      | Reached XP level 9. HP: 31/54 MP: 9/12
  4520 | D:6      | Found a glowing silver altar of Zin.
  4569 | D:6      | Found a burning altar of Makhleb.
  4573 | D:6      | Found a shimmering blue altar of Sif Muna.
  4576 | D:6      | Found a hazy altar of Hepliaklqana.
  4578 | D:6      | Found a white marble altar of Elyvilon.
  4588 | D:6      | Found a radiant altar of Vehumet.
  4619 | D:6      | Reached skill level 9 in Ranged Weapons
  4757 | D:6      | 4757 ||| READING 2 scrolls labelled AJIBANL PYTEG.
  4758 | D:6      | 4758 ||| READING 7 scrolls of identify.
  4758 | D:6      | 4758 ||| IDENTIFYING ruby potion
  4759 | D:6      | 4759 ||| DROPPING scroll of fear.
  4760 | D:6      | 4760 ||| DROPPING potion of berserk rage.
  4800 | D:7      | Reached skill level 6 in Fighting
  4837 | D:7      | 4837 ||| INVOKING Heroism.
  4872 | D:7      | 4872 ||| SWAPPING to +0 shortbow.
  4873 | D:7      | 4873 ||| DROPPING +2 sling of draining.
  4933 | D:7      | Reached ** piety under Okawaru
  5536 | D:7      | Found a runed translucent door.
  5537 | D:7      | Noticed Crazy Yiuf
  5632 | D:7      | Noticed Joseph
  5650 | D:7      | 5650 ||| INVOKING Heroism.
  5674 | D:7      | 5674 ||| INVOKING Heroism.
  5680 | D:7      | HP: 14/56 [Joseph/+0 quarterstaff (5)]
  5681 | D:7      | 5681 ||| DRINKING potion of heal wounds.
  5682 | D:7      | Killed Joseph
  5683 | D:7      | Reached skill level 10 in Ranged Weapons
  5768 | D:7      | 5768 ||| SWAPPING to +2 heavy sling.
  5769 | D:7      | 5769 ||| DROPPING +0 shortbow.
  5863 | D:7      | 5863 ||| UPGRADING to +4 ring mail of poison resistance.
  5873 | D:7      | 5873 ||| DROPPING +0 ring mail.
  5874 | D:7      | 5874 ||| UPGRADING to ring of willpower.
  5876 | D:7      | 5876 ||| READING scroll labelled UMPAUD NAURCHO.
  5977 | D:7      | 5977 ||| READING scroll labelled ROTUFI KUQUIHI.
  6138 | D:8      | 6138 ||| INVOKING Heroism.
  6198 | D:8      | Noticed Maurice
  6220 | D:8      | Killed Maurice
  6279 | D:8      | 6279 ||| INVOKING Heroism.
  6289 | D:8      | Reached XP level 10. HP: 61/63 MP: 11/13
  6359 | D:8      | Found Kubaaxziwko's Changing Room.
  6389 | D:8      | 6389 ||| BUYING potion of mutation (96 gold).
  6389 | D:8      | Bought a potion of mutation for 96 gold pieces
  6427 | D:8      | 6427 ||| INVOKING Heroism.
  6433 | D:8      | Reached skill level 11 in Ranged Weapons
  6529 | D:8      | 6529 ||| INVOKING Heroism.
  6548 | D:8      | HP: 14/64 [killer bee (3)]
  6549 | D:8      | 6549 ||| DRINKING potion of heal wounds.
  6553 | D:8      | 6553 ||| INVOKING Heroism.
  6553 | D:8      | HP: 16/64 [killer bee (7)]
  6555 | D:8      | HP: 4/64 [killer bee (5)]
  6555 | D:8      | Slain by a killer bee

Levels and vault maps discovered:
D:1:      ebering_trefoil_twist, layout_basic, chequers_avenue
D:2:      layout_loops_ring
D:3:      layout_loops_ring, shapermc_ecumenical_altar_starsandcircs,
          amethyst_killhole
D:4:      layout_loops_ring, minmay_temple_entry_glass, minmay_cupped,
          uniq_natasha
D:5:      layout_cave_pools, saegor_snake_ambush, uniq_edmund
D:6:      layout_rooms, zin_treasury, nicolae_overflow_hallway_of_the_gods,
          gammafunk_ghost_split
D:7:      layout_loops_ring, serial_rivers, chequers_serial_rivers_room_b,
          chequers_serial_rivers_large_b, chequers_serial_rivers_micro_c,
          chequers_serial_rivers_room_a, chequers_serial_rivers_room_b,
          uniq_joseph, uniq_crazy_yiuf_cottage
D:8:      layout_layer_cave, enter_bailey_8, nicolae_transmutations_shop,
          minmay_alternating_orb, uniq_maurice
Temple:   hellmonk_temple_two_chambers

Skill      XL: |  1  2  3  4  5  6  7  8  9 10 |
---------------+-------------------------------+-----
Ranged Weapons | 3 4 5 6 8 10 11 | 11.1
Fighting       | 2 3 4 5 7 8 |  8.0
Armour         | 2 3 5 |  5.3
Invocations    | 2 3 4 |  4.0
Dodging        | 2 |  2.0
Spellcasting   | |  1.0
Hexes          | |  2.6

Action                     |  1- 3 |  4- 6 |  7- 9 | 10-12 || total
---------------------------+-------+-------+-------+-------++-------
   Fire: Sling             |   132 |   115 |   440 |    91 ||   778
         Shortbow          |       |       |   111 |       ||   111
 Invoke: Heroism           |       |     4 |    14 |     3 ||    21
    Use: Scroll            |     8 |     5 |     8 |       ||    21
         Potion            |     6 |       |     3 |     1 ||    10
 Armour: Robe              |    12 |       |       |       ||    12
         Leather armour    |     9 |     4 |       |       ||    13
         Ring mail         |       |    33 |   245 |   102 ||   380
  Dodge: Dodged            |    36 |    57 |   297 |    95 ||   485

Table legend:
 A = Non-vault XP
 B = Vault XP
 C = Vault XP percentage of total XP
 D = Non-vault monster count
 E = Vault monster count
 F = Vault count percentage of total count
                 A         B        C        D         E       F
            +---------+---------+-------+---------+---------+-------
      Total |    4006 |    1983 |  33.1 |     148 |      23 |  13.5
            +---------+---------+-------+---------+---------+-------
        D:1 |      38 |       0 |   0.0 |      26 |       0 |   0.0
        D:2 |      41 |       0 |   0.0 |      18 |       0 |   0.0
        D:3 |      25 |       0 |   0.0 |       9 |       0 |   0.0
        D:4 |     451 |      85 |  15.9 |      13 |       4 |  23.5
        D:5 |     930 |     193 |  17.2 |      28 |       4 |  12.5
        D:6 |     838 |       0 |   0.0 |      13 |       0 |   0.0
        D:7 |     836 |     481 |  36.5 |      19 |       1 |   5.0
        D:8 |     847 |    1224 |  59.1 |      22 |      14 |  38.9
            +---------+---------+-------+---------+---------+-------
